 Dungeon Crawl Stone Soup version 0.31-a0-1074-g0b22e4e0f1 (webtiles) character file.

Game seed: 1036551402219803212

3185 croobank the Changeling (level 9, -3/62 HPs)
             Began as an Octopode Shapeshifter on Dec 8, 2023.
             Was an Initiate of Ashenzari.
             Slain by an orc knight
             ... wielding a +0 halberd
              (28 damage)
             ... in a bailey.
             The game lasted 00:20:27 (7090 turns).

croobank the Changeling (Octopode Shapeshifter)     Turns: 7090, Time: 00:20:27

Health: -3/62      AC:  1    Str: 13    XL:     9   Next: 95%
Magic:  9/9        EV: 20    Int: 17    God:    Ashenzari [......]
Gold:   559        SH:  0    Dex: 11    Spells: 7/8 levels left

rFire   . . .        x - +0 orcbow
rCold   . . .        (shield currently unavailable)
rNeg    . . .        (helmet currently unavailable)
rPois   .            (no amulet)
rElec   .            e - ring of the Lashed Repose {EV+5, Comp, Elem} (curse)
rCorr   .            (no ring)
SInv    .            (no ring)
Will    .....        (no ring)
Stlth   ++           (no ring)
HPRegen 0.30/turn    (no ring)
MPRegen 0.11/turn    (no ring)
                     (no ring)

%: no passive effects
@: beast-form
A: beast (slay +3), almost no armour, amphibious, 8 rings, camouflage 1,
gelatinous body 1, (nimble swimmer 1), tentacles
a: Begin Untransformation, Renounce Religion, Curse Item, Shatter the Chains


You were in a bailey.
You worshipped Ashenzari.
Ashenzari was noncommittal.
You were a hulking beast.
You visited 2 branches of the dungeon, and saw 8 of its levels.
You also visited: Ossuary and Bailey.

You collected 559 gold pieces.

Inventory:

Hand Weapons
 o - a +6 trident of protection
 p - the +8 mithril axe "Arga" {speed, Will+}
   (You acquired it on level 5 of the Dungeon)

   Will+:     It increases your willpower.
 x - a +0 orcbow (weapon)
Missiles
 y - an atropa-tipped dart (quivered)
Jewellery
 e - the cursed ring of the Lashed Repose (left tentacle) {EV+5, Comp, Elem}
   (You found it on level 1 of the Dungeon)

   [ring of evasion]

   EV+5:      It affects your evasion (+5).
   It has a curse which improves the following skills: Companions: Summonings
   and Necromancy.
   Elements:  Fire Magic, Ice Magic, Air Magic and Earth Magic.
Talismans
 b - a beast talisman
 c - a flux talisman
 i - a talisman of death
Scrolls
 h - a scroll of vulnerability
 j - a scroll of teleportation
 k - 2 scrolls of enchant armour
Potions
 a - 2 potions of lignification
 d - 3 potions of magic
 f - 5 potions of curing
 g - 3 potions of cancellation
 m - a potion of attraction
 n - 2 potions of brilliance
 s - a potion of resistance {unknown}


   Skills:
 + Level 5.7 Fighting
 * Level 5.9(6.1) Axes
 - Level 2.2(4.3) Polearms
 + Level 6.1 Dodging
 + Level 6.3 Unarmed Combat
 * Level 0.4 Spellcasting
 * Level 0.3(0.5) Fire Magic
 + Level 6.6 Shapeshifting


You had 7 spell levels left.
You knew the following spells:

 Your Spells              Type           Power      Damage    Failure   Level
a - Foxfire               Conj/Fire      4%         2x1d4     21%         1

Your spell library contained the following spells:

 Spells                   Type           Power      Damage    Failure   Level
 Magic Dart               Conj           0%         1d3       22%         1
 Necrotise                Necr           0%         1d4       22%         1
 Call Imp                 Summ           0%         N/A       34%         2
 Mephitic Cloud           Conj/Pois/Air  0%         N/A       56%         3
 Tukima's Dance           Hex            0%         N/A       56%         3
 Vampiric Draining        Necr           0%         2d6       56%         3
 Dimensional Bullseye     Hex/Tloc       0%         N/A       92%         4
 Iskenderun's Mystic Bla  Conj/Tloc      0%         2d3       92%         4
 Agony                    Necr           0%         N/A       99%         5
 Plasma Beam              Fire/Air       0%         2x1d10    100%        6
 Starburst                Conj/Fire      0%         6d3       100%        6


Dungeon Overview and Level Annotations

Branches:
Dungeon (7/15)             Temple (1/1) D:6         Ossuary (visited)
 Bailey (1/1)

Altars:
Ashenzari
Cheibriados
Elyvilon
Fedhas
Qazlal
Wu Jian
Xom
Zin


Innate Abilities, Weirdness & Mutations

You are a hulking beast.
Your limbs bulge with bestial killing power. (Slay +3)
You cannot wear most types of armour.
You are amphibious.
You can wear up to eight rings at the same time.
Your skin changes colour to match your surroundings (Stealth+).
Your rubbery body absorbs attacks. (AC +1, EV +1)
((You are camouflaged when in or above water. (Stealth+)))
You have tentacles for arms and can constrict up to eight enemies at once.


Message History

Fire: x) +0 orcbow
Press: ? - help, Q - select action, (/) - cycle Shift-Dir - straight line, f/p - orc knight
Aim: an orc knight, wielding a +0 halberd and wearing a +0 scale mail (47% to hit)
You shoot an arrow.
The arrow hits the orc knight but does no damage.
Things that are here:
a +0 arbalest; a +0 ring mail You see here an atropa-tipped dart.
y - an atropa-tipped dart You see here an atropa-tipped dart.
y - 2 atropa-tipped darts (gained 1) Fire: x) +0 orcbow
Press: ? - help, Q - select action, (/) - cycle Shift-Dir - straight line, f/p - orc knight
Aim: an orc knight, wielding a +0 halberd and wearing a +0 scale mail (47% to hit)
Okay, then.
Okay, then.
Throw: 2 darts (atropa)
Press: ? - help, Q - select action, (/) - cycle Shift-Dir - straight line, f/p - orc knight
Aim: an orc knight, wielding a +0 halberd and wearing a +0 scale mail (53% to hit, chance to blind on hit: 3%)
You throw an atropa-tipped dart.
The atropa-tipped dart closely misses the orc knight.
You feel a little less mighty now.
The orc knight attacks as it pursues you!
The orc knight hits you from afar with a +0 halberd!
You see here an atropa-tipped dart.
Throw: dart (atropa)
Press: ? - help, Q - select action, (/) - cycle Shift-Dir - straight line, f/p - orc knight
Aim: an orc knight, wielding a +0 halberd and wearing a +0 scale mail (51% to hit, chance to blind on hit: 3%)
Okay, then.
There is an open door here.
Okay, then.
Okay, then.
The orc knight completely misses you.
There is an open door here.
The orc knight hits you with a +0 halberd.
You shoot an arrow. The arrow misses the orc knight.
The orc knight hits you with a +0 halberd! x2
You shoot an arrow. The arrow barely misses the orc knight.
The orc knight hits you with a +0 halberd!!
You die...

)∩#≈...............≈#∩.##≈.....#
.##≈......###......≈##.#≈≈§§...#
.≈≈≈...#########...≈≈≈.≈≈.)....#
......##.......##.........)....#
.....##..#'#'#..##.............#
.....#..##)#)##..#.............#
....##.#########.##............#
....##.'.#).)#.'.##............#
....##.###.8(###h##............#
....##.')#.oo#.'o##............#
....##.####o####.##............#
.....#..##∩.∩##..##............#
.....##..#'''##................#
......##.....##..).............#
)≈≈≈...##....##....≈≈≈.≈≈......#
)##≈....#######....≈##.#≈≈.....#
)∩#≈...............≈#∩)##≈.....#


You could see an orc knight.

Vanquished Creatures
  Joseph (D:7)
  Sigmund (D:6)
  A steam dragon (D:6)
  9 orc warriors (Bailey)
  2 sky beasts
  2 phantoms (D:4)
  An elf zombie (D:5)
  A bullfrog (D:6)
  5 scorpions
  4 elf skeletons (D:5)
  4 hounds
  A jelly (D:5)
  An orc priest (D:5)
  A human skeleton (D:5)
  4 iguanas
  3 orc wizards
  8 mummies (Ossuary)
  A gnoll (D:5)
  14 adders
  2 shadow imps
  4 worms
  3 dart slugs
  26 orcs
  5 endoplasms
  3 giant cockroaches
  3 goblins
  10 hobgoblins
  6 jackals
  3 kobolds
  4 quokkas
  7 ball pythons
  3 bats (D:2)
  3 frilled lizards
  3 gnoll zombies (Ossuary)
  2 hobgoblin zombies (Ossuary)
  3 kobold zombies (Ossuary)
  8 rats
162 creatures vanquished.

Notes
Turn   | Place    | Note
-------+----------+-------------------------------------------
     0 | D:1      | croobank the Octopode Shapeshifter began the quest for the
                  | Orb.
     0 | D:1      | Reached XP level 1. HP: 13/13 MP: 1/1
    66 | D:1      | Reached XP level 2. HP: 14/18 MP: 2/2
   392 | D:1      | Reached XP level 3. HP: 23/23 MP: 3/3
   605 | D:2      | Learned a level 1 spell: Foxfire
   745 | D:2      | Reached XP level 4. HP: 29/29 MP: 4/4
   809 | D:2      | Found a faded altar of an unknown god.
  1555 | D:3      | Identified the +0 robe of Hangman {Int+3}
  1677 | D:3      | Reached XP level 5. HP: 34/34 MP: 5/5
  2420 | D:4      | Noticed a phantom
  2432 | D:4      | Killed a phantom
  2433 | D:4      | Reached XP level 6. HP: 24/41 MP: 6/6
  2882 | D:4      | Reached XP level 7. HP: 42/46 MP: 7/7
  2915 | D:4      | Reached skill level 5 in Shapeshifting
  3121 | D:5      | Entered Level 5 of the Dungeon
  3166 | D:5      | Reached skill level 1 in Polearms
  3175 | D:5      | Found a sand-covered staircase.
  3189 | Ossuary  | Entered an ossuary
  3390 | Ossuary  | Reached XP level 8. HP: 49/54 MP: 8/8
  3465 | D:5      | Identified a scroll of acquirement
  3465 | D:5      | Acquired the +8 mithril axe "Arga" {speed, Will+}
  3465 | D:5      | Found the +8 mithril axe "Arga" {speed, Will+}
  3512 | D:5      | Reached skill level 1 in Axes
  3573 | D:5      | Reached skill level 5 in Unarmed Combat
  4377 | D:6      | Reached skill level 5 in Dodging
  4469 | D:6      | Found a staircase to the Ecumenical Temple.
  4551 | Temple   | Entered the Ecumenical Temple
  4559 | Temple   | Became a worshipper of Ashenzari the Shackled
  4589 | D:6      | Reached XP level 9. HP: 30/60 MP: 9/9
  4906 | D:6      | Found a white marble altar of Elyvilon.
  5166 | D:6      | Noticed Sigmund
  5173 | D:6      | Killed Sigmund
  5174 | D:6      | Reached skill level 5 in Fighting
  5561 | D:7      | Noticed Joseph
  5565 | D:7      | HP: 1/61 [Joseph/sling bullet (17)]
  5572 | D:7      | Killed Joseph
  5718 | D:7      | Found a flagged portal.
  5734 | Bailey   | Entered a bailey
  5761 | Bailey   | Reached skill level 5 in Axes
  6445 | Bailey   | Noticed an orc knight
  7090 | Bailey   | Slain by an orc knight

Illustrated notes

Levels and vault maps discovered:
D:1:      minmay_arrival_shattered_statue, layout_rooms, corexii_corridor_pit,
          grunt_decor_fettered, serial_bayou_pond_e
D:2:      layout_loops_ring, shapermc_ecumenical_altar_gd, minmay_cut_off
D:3:      layout_basic, minmay_misc_feat_encased
D:4:      layout_loops_cross
D:5:      layout_rooms, nicolae_ossuary_entry_catacombs,
          cheibrodos_sewer_entry_bend, cheibrodos_gnoll_hut
D:6:      layout_cave_pods, nicolae_elyvilon_peaceful_grove,
          minmay_temple_entry_arrows, st_stairs_9, kennysheep_generic_room_12,
          uniq_sigmund
D:7:      layout_basic, enter_bailey_2, hangedman_minor_gate_pass,
          uniq_crazy_yiuf_cottage, uniq_prince_ribbit1, uniq_joseph
Temple:   nicolae_temple_little_seven
Bailey:   bailey_polearm_2, bailey

Skill      XL: |  1  2  3  4  5  6  7  8  9 |
---------------+----------------------------+-----
Fighting       | 2 3 4 5 |  5.7
Shapeshifting  | 4 5 6 |  6.6
Dodging        | 3 4 5 6 |  6.1
Unarmed Combat | 4 5 6 |  6.3
Polearms       | 2 |  2.2
Axes           | 3 5 |  5.9
Spellcasting   | |  0.4
Fire Magic     | |  0.3

Action                     |  1- 3 |  4- 6 |  7- 9 || total
---------------------------+-------+-------+-------++-------
  Melee: Unarmed           |    61 |    84 |       ||   145
         Constrict         |    16 |    26 |    43 ||    85
         Tentacles         |    13 |    24 |    43 ||    80
         Punch             |     1 |     3 |    10 ||    14
         Trident           |       |    39 |    65 ||   104
         Broad axe         |       |       |   108 ||   108
   Fire: Orcbow            |       |       |    35 ||    35
  Throw: Dart              |       |       |     4 ||     4
         Throwing net      |       |       |     1 ||     1
 Invoke: Curse Item        |       |       |     1 ||     1
    Use: Scroll            |     2 |     8 |    15 ||    25
         Potion            |       |       |     4 ||     4
   Stab: Sleeping          |     3 |     8 |    10 ||    21
 Armour: Skin              |    11 |    35 |    64 ||   110
  Dodge: Dodged            |    50 |    85 |   130 ||   265

Table legend: (Time is in decaauts)
 A = Elapsed time spent in this place.
 B = Non-inter-level travel time spent in this place.
 C = Inter-level travel time spent in this place.
 D = Time resting spent in this place.
 E = Time spent auto-exploring this place.
 F = Levels seen in this place.
 G = Mean time per level.
                   A        B        C        D        E       F      G
               +--------+--------+--------+--------+--------+-----+--------+
         Total |   7122 |   6894 |    228 |   2032 |   3408 |  10 |  712.2 |
       Dungeon |   5459 |   5239 |    220 |    912 |   3312 |   7 |  779.9 |
        Temple |     16 |      8 |      8 |      0 |      0 |   1 |   16.0 |
       Ossuary |    281 |    281 |      0 |     56 |     96 |   1 |  281.0 |
        Bailey |   1363 |   1363 |      0 |   1064 |      0 |   1 | 1363.0 |
               +--------+--------+--------+--------+--------+-----+--------+

Top non-repeatable levels by time:
  Bailey: 1363 daAuts
     D:6: 1197 daAuts
     D:2: 1029 daAuts
     D:5: 899 daAuts
     D:3: 881 daAuts
     D:4: 724 daAuts
     D:1: 490 daAuts
 Ossuary: 281 daAuts
     D:7: 237 daAuts
  Temple: 16 daAuts
